 Dungeon Crawl Stone Soup version 0.30-a0-511-g0d9051e15b (webtiles) character file.

Game seed: 10832715037486435598

79 dexuwu the Trooper (level 4, -1/40 HPs)
             Began as a Draconian Berserker on Dec 23, 2022.
             Was a Follower of Trog.
             Frozen to death by an endoplasm (5 damage)
             ... on level 2 of the Dungeon.
             The game lasted 00:09:08 (1049 turns).

dexuwu the Trooper (Draconian Berserker)            Turns: 1049, Time: 00:09:09

Health: -1/40      AC:  9    Str: 21    XL:     4   Next: 17%
Magic:  4/4        EV: 12    Int:  7    God:    Trog [*.....]
Gold:   95         SH:  0    Dex: 11    Spells: 3/3 levels left

rFire   . . .      SeeInvis .    a - +0 spear
rCold   . . .      Faith    .    (no shield)
rNeg    . . .      Spirit   .    (body armour unavailable)
rPois   .          Reflect  .    (helmet restricted)
rElec   .          Harm     .    (no cloak)
rCorr   .          Rampage  .    (no gloves)
Will    .....                    (no boots)
Stlth   +.........               (no amulet)
HPRegen 0.26/turn                d - +4 ring of protection
MPRegen 0.09/turn                (no ring)

@: no status effects
A: AC +5, unfitting armour, cold-blooded
a: Renounce Religion, Berserk


You were on level 2 of the Dungeon.
You worshipped Trog.
Trog was aware of your devotion.
You visited 1 branch of the dungeon, and saw 2 of its levels.

You collected 95 gold pieces.

Inventory:

Hand Weapons
 a - a +0 spear (weapon)
Jewellery
 d - a +4 ring of protection (left hand)
 f - an amulet of regeneration
Scrolls
 c - a scroll of magic mapping
 e - a scroll of poison {unknown}
 g - a scroll of brand weapon {unknown}
 h - 3 scrolls of teleportation {unknown}


   Skills:
 * Level 4.2 Fighting
 * Level 4.1 Polearms
 + Level 3.0 Dodging
 + Level 0.2 Stealth


You had 3 spell levels left.
You didn't know any spells.
Your spell library was empty.

Dungeon Overview and Level Annotations

Branches:
Dungeon (2/15)

Altars:

Shops:
D:2 :


Innate Abilities, Weirdness & Mutations

Your plain brown scales are hard. (AC +5)
You cannot fit into any form of body armour.
You are cold-blooded and may be slowed by cold attacks.


Message History

The endoplasm freezes you.
You are frozen.
* * * LOW HITPOINT WARNING * * *
You feel as though you will be slow longer.
The endoplasm closely misses you. The endoplasm freezes you.
You are frozen.
* * * LOW HITPOINT WARNING * * *
You feel as though you will be slow longer.
The endoplasm attacks as you move away! The endoplasm closely misses you.
The endoplasm attacks as you move away! The endoplasm hits you.
* * * LOW HITPOINT WARNING * * *
The endoplasm hits you.
* * * LOW HITPOINT WARNING * * *
You start putting on your amulet.
You continue putting on your amulet of regeneration.
The endoplasm hits you but does no damage.
Keep equipping yourself? [Y]es or [N]o only, please.
Keep equipping yourself?
You stop putting on your amulet.
It was a potion of cancellation.
Your magical effects are unravelling.
You feel magically purged.
You feel yourself speed up.
The endoplasm hits you but does no damage.
The worm barely misses you. The endoplasm freezes you.
You are frozen.
* * * LOW HITPOINT WARNING * * *
You feel yourself slow down. The endoplasm attacks as you move away!
The endoplasm barely misses you.
As you read the scroll labelled QOJYPHOCKI, it crumbles to dust.
It is a scroll of identify.
c - a scroll of magic mapping You feel yourself speed up.
The endoplasm barely misses you. The endoplasm freezes you.
You are frozen.
You die...

#........#
#.⌠...⌠...
######...∩...#
#......⌠...⌠.#.
#.# #..........
#.###.##.#.###.
#.#..w.....#
#####<#.#J##.###
......#.#@##.#
#......#$#
####.#.##.#.?
#......##.### #
#.##.####.####
#.##.##)###......
#.....)..........
####.######..###.
#.# #..#


You could see a worm and an endoplasm.

Vanquished Creatures
  2 adders (D:2)
  3 gnolls (D:2)
  A dart slug (D:1)
  5 endoplasms
  A giant cockroach (D:1)
  A goblin (D:1)
  2 hobgoblins
  2 quokkas (D:1)
  3 ball pythons
  3 bats
  A frilled lizard (D:2)
  3 kobolds
  4 rats
31 creatures vanquished.

Notes
Turn   | Place    | Note
-------+----------+-------------------------------------------
     0 | D:1      | dexuwu the Draconian Berserker began the quest for the Orb.
     0 | D:1      | Reached XP level 1. HP: 19/19 MP: 1/1
   135 | D:1      | Reached XP level 2. HP: 26/26 MP: 2/2
   209 | D:1      | Found a faded altar of an unknown god.
   800 | D:2      | Reached XP level 3. HP: 32/33 MP: 3/3
   909 | D:2      | Reached XP level 4. HP: 14/40 MP: 4/4
  1029 | D:2      | Found Tumpoygh's Vocational Training.
  1049 | D:2      | Frozen to death by an endoplasm

Illustrated notes

Levels and vault maps discovered:
D:1:      reono_arrival_forest_river, layout_basic,
          ebering_ecumenical_altar_rust, hangedman_decor_diamond_cutter,
          minmay_indecisive_spiral
D:2:      layout_loops_cross, serial_shops, shop, nicolae_shop_vocational

Skill      XL: |  1  2  3 |
---------------+----------+-----
Fighting       | 4 |  4.2
Polearms       | 4 |  4.1
Dodging        | 3 |  3.0
Stealth        | |  0.2

Action                   |  1- 3 |  4- 6 || total
-------------------------+-------+-------++-------
Melee: Spear             |    91 |    10 ||   101
       Tailslap          |    14 |     2 ||    16
       Punch             |     2 |       ||     2
Invok: Berserk           |     2 |       ||     2
  Use: Scroll            |       |     1 ||     1
       Potion            |       |     1 ||     1
 Stab: Sleeping          |     1 |       ||     1
Armor: Skin              |    36 |     9 ||    45
Dodge: Dodged            |    53 |    15 ||    68

Table legend: (Time is in decaauts)
 A = Elapsed time spent in this place.
 B = Non-inter-level travel time spent in this place.
 C = Inter-level travel time spent in this place.
 D = Time resting spent in this place.
 E = Time spent auto-exploring this place.
 F = Levels seen in this place.
 G = Mean time per level.
                   A        B        C        D        E       F      G
               +--------+--------+--------+--------+--------+-----+--------+
         Total |   1076 |   1076 |      0 |      0 |    635 |   2 |  538.0 |
       Dungeon |   1076 |   1076 |      0 |      0 |    635 |   2 |  538.0 |
               +--------+--------+--------+--------+--------+-----+--------+

Top non-repeatable levels by time:
     D:1: 735 daAuts
     D:2: 341 daAuts
